 Dungeon Crawl Stone Soup version 0.31.0-9-g3a7656b989 (webtiles) character file.

Game seed: 1497717602365424584

2691 zazu2006 the Basher (level 9, -9/66 HPs)
             Began as a Gnoll Wanderer on Jan 24, 2024.
             Was a Follower of Vehumet.
             Killed from afar by a lava snake (18 damage)
             ... with a glob of lava
             ... on level 7 of the Dungeon on Jan 25, 2024.
             The game lasted 00:19:02 (7085 turns).

zazu2006 the Basher (Gnoll Wanderer)                Turns: 7085, Time: 00:19:02

Health: -9/66      AC:  8    Str: 14    XL:     9   Next: 65%
Magic:  28/28      EV: 12    Int: 13    God:    Vehumet [*.....]
Gold:   716        SH:  5    Dex: 12    Spells: 20/21 levels left

rFire   . . .        I - +3 morningstar
rCold   . . .        (no shield)
rNeg    . . .        c - +1 ring mail
rPois   .            (no helmet)
rElec   .            (no cloak)
rCorr   .            (no gloves)
SInv    .            F - +0 pair of boots
Will    .....        h - amulet of reflection
Stlth   ++           e - ring of magical power
HPRegen 0.31/turn    m - +4 ring of slaying
MPRegen 0.21/turn

%: reflection
@: no status effects
A: fangs 1, strong nose, distributed training
a: Renounce Religion


You were on level 7 of the Dungeon.
You worshipped Vehumet.
Vehumet was aware of your devotion.
You visited 2 branches of the dungeon, and saw 8 of its levels.
You also visited: Ossuary.

You collected 716 gold pieces.

Inventory:

Hand Weapons
 H - a +4 hand axe of freezing
 I - a +3 morningstar (weapon)
Missiles
 M - a throwing net (quivered)
Armour
 a - a +1 pair of boots
 c - a +1 ring mail (worn)
 F - a +0 pair of boots (worn)
Magical Staves
 j - a staff of alchemy
Jewellery
 b - an amulet of magic regeneration
 e - a ring of magical power (left hand)
 h - an amulet of reflection (around neck)
 m - a +4 ring of slaying (right hand)
 p - an amulet of the acrobat
 v - a ring of fire
 A - the ring of Idwufy {rElec Int+6}
   (You acquired it on level 5 of the Dungeon)

   [ring of intelligence]

   Int+6:     It affects your intelligence (+6).
   rElec:     It insulates you from electricity.
 C - an amulet of faith
Wands
 x - a wand of flame (10)
 G - a wand of digging (5)
 J - a wand of mindburst (12)
 K - a wand of polymorph (7)
 L - a wand of roots (7)
Scrolls
 l - 3 scrolls of enchant weapon
 n - a scroll of teleportation
 r - 3 scrolls of poison
 s - a scroll of blinking
 y - 2 scrolls of revelation
 z - 3 scrolls of identify
 D - a scroll of fog {unknown}
 E - a scroll of vulnerability {unknown}
Potions
 d - 4 potions of curing
 f - 3 potions of heal wounds {unknown}
 g - a potion of magic {unknown}
 i - 2 potions of cancellation {unknown}
 k - a potion of attraction {unknown}
 o - 4 potions of brilliance {unknown}
 q - a potion of haste {unknown}
 t - 4 potions of mutation {unknown}
 u - 2 potions of invisibility {unknown}
 w - 3 potions of might {unknown}
 B - a potion of enlightenment {unknown}


   Skills:
 + Level 4.6 Fighting
 + Level 6.6 Short Blades
 + Level 4.6 Long Blades
 + Level 4.6 Axes
 + Level 8.1 Maces & Flails
 + Level 4.6 Polearms
 + Level 4.6 Staves
 + Level 4.6 Ranged Weapons
 + Level 4.6 Throwing
 + Level 6.6 Armour
 + Level 5.3 Dodging
 + Level 4.6 Stealth
 + Level 4.6 Shields
 + Level 4.6 Unarmed Combat
 + Level 6.9 Spellcasting
 + Level 3.8 Conjurations
 + Level 3.8 Hexes
 + Level 3.8 Summonings
 + Level 3.8 Necromancy
 + Level 3.8 Translocations
 + Level 3.8 Fire Magic
 + Level 3.8 Ice Magic
 + Level 3.8 Air Magic
 + Level 3.8 Earth Magic
 + Level 3.8 Alchemy
 + Level 5.1 Invocations
 + Level 4.6 Evocations
 + Level 4.2 Shapeshifting


You had 20 spell levels left.
You knew the following spells:

 Your Spells              Type           Power      Damage    Failure   Level
a - Magic Dart            Conj           56%        1d5       6%          1

Your spell library contained the following spells:

 Spells                   Type           Power      Damage    Failure   Level
 Freeze                   Ice            56%        1d7       6%          1
 Shock                    Conj/Air       56%        1d6       6%          1
 Searing Ray              Conj           28%        2d5       9%          2
 Static Discharge         Conj/Air       28%        3-5/arc   9%          2
 Swiftness                Air            14%        N/A       19%         3
 Airstrike                Air            7%         2d(1-17)  52%         4
 Fulminant Prism          Conj/Alch      7%         3d7       52%         4
 Summon Lightning Spire   Summ/Air       14%        N/A       52%         4


Dungeon Overview and Level Annotations

Branches:
Dungeon (7/15)             Temple (1/1) D:5         Ossuary (visited)

Altars:
Ashenzari
Dithmenos
Elyvilon
Fedhas
Gozag
Hepliaklqana
Kikubaaqudgha
Makhleb
Nemelex Xobeh
Okawaru
Qazlal
Ru
Sif Muna
Trog
Vehumet
Wu Jian
Xom
Yredelemnul
The Shining One

Shops:
D:6 (


Innate Abilities, Weirdness & Mutations

You have very sharp teeth.
Your uncanny sense of smell can sniff out nearby items.
Your experience applies equally to all skills.


Message History

The roots erupt in riotous growth!
Roots grab the troll.
The gnoll is unaffected.
The grasping roots constrict the troll!
The grasping roots constrict the gnoll.
You hear a shout! x2
The roots release their grip on the gnoll.
The troll struggles to escape constriction.
Unknown command.
Unknown command.
The grasping roots constrict the troll!
The roots release their grip on the troll.
Aiming: Fastroot
Press: ? - help, Shift-Dir - straight line, f/p - troll
Aim: a troll (heavily wounded)
The roots erupt in riotous growth!
Roots grab the troll.
Roots grab the white imp.
The grasping roots constrict the troll!
The grasping roots constrict the white imp.
You hear a shout! x2
The troll escapes!
The white imp struggles to escape constriction.
Unknown command.
The grasping roots constrict the white imp, but do no damage.
The gnoll is no longer moving quickly.
The troll bites you but does no damage. The troll claws you but does no damage.
The troll claws you.
* * * LOW HITPOINT WARNING * * *
The white imp struggles to escape constriction.
Blink to where?
Press: ? - help, Dir - move target, p - troll The roots lose their grip on something.
As you read the scroll of blinking, it crumbles to dust.
An orc comes into view. It is wielding a +0 hand axe.
A kobold comes into view. It is wielding a +0 short sword.
An orc comes into view. It is wielding a +0 dagger.
The orc moves out of view.
A lava snake comes into view.
The lava snake hisses angrily.
The lava snake spits lava at you. The glob of lava hits you!!
You die...

##...# #5#.#
##.#.##
#..#..######
#.##≈≈..≈..≈ ∆
#T##≈...≈S..
#..#.≈....≈≈
##.o...≈.≈... .
#..##@≈....≈≈ .
......oK###≈...≈≈..
...........###
#≈≈..≈..≈
..........#
......### ....
..... ####### ..#
###.# .#######.#
..<....#.#
.........#


You could see a troll, a lava snake (catching breath) and an orc.

Vanquished Creatures
  Jeremiah (D:6)
  Sigmund (D:3)
  3 water moccasins
  An orc warrior (D:6)
  An ice beast (D:7)
  2 black bears
  2 centaurs (D:6)
  A bullfrog (D:6)
  3 scorpions
  4 wights (D:6)
  3 killer bees (D:7)
  A hound (D:6)
  An orc priest (D:5)
  4 jellies
  Jessica (D:3)
  3 iguanas
  Natasha (thrice) (D:3)
  6 orc wizards
  8 mummies (Ossuary)
  6 adders
  5 gnolls
  6 ufetubi
  2 dart slugs
  6 ribbon worms
  18 orcs
  4 endoplasms
  5 giant cockroaches
  A gnoll zombie (Ossuary)
  9 goblins
  7 hobgoblins
  3 quokkas
  9 ball pythons
  9 bats
  3 frilled lizards
  4 hobgoblin zombies (Ossuary)
  7 kobolds
  A kobold zombie (Ossuary)
  2 orc zombies (Ossuary)
  7 rats
163 creatures vanquished.

Notes
Turn   | Place    | Note
-------+----------+-------------------------------------------
     0 | D:1      | zazu2006 the Gnoll Wanderer began the quest for the Orb.
     0 | D:1      | zazu2006 set off with the following items: a +2 mace, a +0
                  | short sword, a +0 ring mail, a potion of curing.
     0 | D:1      | Reached XP level 1. HP: 13/13 MP: 6/6
    83 | D:1      | You fall into a shaft and drop 1 floor!
   221 | D:2      | Reached XP level 2. HP: 18/20 MP: 7/7
   477 | D:2      | Learned a level 1 spell: Magic Dart
   985 | D:2      | Reached skill level 5 in Spellcasting
   985 | D:2      | Reached XP level 3. HP: 4/25 MP: 9/9
  1102 | D:2      | Reached skill level 1 in Invocations
  1312 | D:1      | Reached skill level 1 in Fighting
  1312 | D:1      | Reached skill level 1 in Long Blades
  1312 | D:1      | Reached skill level 1 in Axes
  1312 | D:1      | Reached skill level 1 in Polearms
  1312 | D:1      | Reached skill level 1 in Staves
  1312 | D:1      | Reached skill level 1 in Ranged Weapons
  1312 | D:1      | Reached skill level 1 in Throwing
  1312 | D:1      | Reached skill level 1 in Stealth
  1312 | D:1      | Reached skill level 1 in Shields
  1312 | D:1      | Reached skill level 1 in Unarmed Combat
  1312 | D:1      | Reached skill level 1 in Evocations
  1545 | D:1      | Reached skill level 1 in Shapeshifting
  1545 | D:1      | Reached XP level 4. HP: 27/32 MP: 11/11
  1996 | D:3      | Noticed Natasha
  2000 | D:3      | Killed Natasha
  2001 | D:3      | Reached skill level 1 in Conjurations
  2001 | D:3      | Reached skill level 1 in Hexes
  2001 | D:3      | Reached skill level 1 in Summonings
  2001 | D:3      | Reached skill level 1 in Necromancy
  2001 | D:3      | Reached skill level 1 in Translocations
  2001 | D:3      | Reached skill level 1 in Fire Magic
  2001 | D:3      | Reached skill level 1 in Ice Magic
  2001 | D:3      | Reached skill level 1 in Air Magic
  2001 | D:3      | Reached skill level 1 in Earth Magic
  2001 | D:3      | Reached skill level 1 in Alchemy
  2086 | D:3      | Noticed Natasha
  2088 | D:3      | Noticed Jessica
  2091 | D:3      | Killed Natasha
  2092 | D:3      | Reached XP level 5. HP: 24/37 MP: 12/12
  2094 | D:3      | Killed Jessica
  2231 | D:3      | Found a shadowy altar of Dithmenos.
  2290 | D:3      | Noticed Sigmund
  2301 | D:3      | Killed Sigmund
  2302 | D:3      | Reached skill level 5 in Short Blades
  2302 | D:3      | Reached skill level 5 in Armour
  2302 | D:3      | Reached XP level 6. HP: 23/44 MP: 14/14
  2392 | D:3      | Found an ancient bone altar of Kikubaaqudgha.
  2441 | D:3      | Noticed Natasha
  2463 | D:3      | Killed Natasha
  2927 | D:4      | Reached skill level 7 in Maces & Flails
  2927 | D:4      | Reached XP level 7. HP: 25/50 MP: 15/15
  3248 | D:4      | Found a basalt altar of Yredelemnul.
  3491 | D:5      | Entered Level 5 of the Dungeon
  3902 | D:5      | Found a staircase to the Ecumenical Temple.
  3925 | Temple   | Entered the Ecumenical Temple
  3941 | Temple   | Became a worshipper of Vehumet
  3959 | D:5      | Identified a scroll of acquirement
  3959 | D:5      | Acquired the ring of Idwufy {rElec Int+6}
  4002 | D:5      | Found a sand-covered staircase.
  4011 | Ossuary  | Entered an ossuary
  4031 | Ossuary  | Reached XP level 8. HP: 24/58 MP: 16/16
  4539 | D:5      | Found an ornate altar of the Wu Jian Council.
  4942 | D:5      | Found a shimmering blue altar of Sif Muna.
  5163 | D:6      | Found a blossoming altar of Fedhas.
  5287 | D:6      | Found an opulent altar of Gozag.
  5287 | D:6      | Found a bloodstained altar of Trog.
  5329 | D:6      | Noticed Jeremiah
  5354 | D:6      | Killed Jeremiah
  5531 | D:6      | Reached * piety under Vehumet
  5531 | D:6      | Offered knowledge of Freeze by Vehumet.
  5564 | D:6      | Reached XP level 9. HP: 53/65 MP: 18/18
  5668 | D:6      | Found a glowing golden altar of the Shining One.
  6061 | D:6      | Reached skill level 5 in Dodging
  6339 | D:6      | Found Lessaaz's Firing Range.
  6660 | D:7      | Reached skill level 8 in Maces & Flails
  6681 | D:7      | Noticed a skeletal warrior
  6737 | D:7      | Found an iron altar of Okawaru.
  6793 | D:7      | Reached skill level 5 in Invocations
  6850 | D:7      | Noticed a skeletal warrior
  6850 | D:7      | Noticed a skeletal warrior
  7058 | D:7      | Found a sparkling altar of Nemelex Xobeh.
  7058 | D:7      | Noticed a troll
  7058 | D:7      | Identified the +1 robe of Youthful Indiscretion {Harm}
  7085 | D:7      | Killed from afar by a lava snake

Illustrated notes

Levels and vault maps discovered:
D:1:      onia_arrival_pentagram, layout_loops_ring,
          minmay_misc_feat_secret_circle
D:2:      minmay_chambers_of_ones, layout_loops_corners
D:3:      layout_loops_ring, kiku_gazebo_pond_becter,
          mainiacjoe_overflow_concentric_impassable, uniq_sigmund, uniq_jessica,
          uniq_natasha
D:4:      layout_rooms, kennysheep_little_box, chequers_serial_rivers_micro_a,
          kennysheep_potato
D:5:      layout_basic, kennysheep_mini, kennysheep_orc_sif_temple,
          minmay_temple_entry_arrows, lightli_ossuary_entry_decrepit_ruins
D:6:      layout_gridville, fedhas_bush_and_centaur_altar,
          nicolae_tso_swordbearing_angel, gammafunk_temple_overflow_wave,
          minivault_19, nicolae_shop_firing_range, uniq_jeremiah
D:7:      layout_rooms, lemuel_coloured_pillars_altar, nicolae_uskayaw_suspiria,
          mainiacjoe_overflow_cross_hatched
Temple:   nicolae_temple_colour_theory

Skill      XL: |  1  2  3  4  5  6  7  8  9 |
---------------+----------------------------+-----
Spellcasting   | 5 6 |  6.9
Invocations    | 1 2 3 4 5 |  5.1
Fighting       | 1 2 3 4 |  4.6
Long Blades    | 1 2 3 4 |  4.6
Axes           | 1 2 3 4 |  4.6
Polearms       | 1 2 3 4 |  4.6
Staves         | 1 2 3 4 |  4.6
Ranged Weapons | 1 2 3 4 |  4.6
Throwing       | 1 2 3 4 |  4.6
Stealth        | 1 2 3 4 |  4.6
Shields        | 1 2 3 4 |  4.6
Unarmed Combat | 1 2 3 4 |  4.6
Evocations     | 1 2 3 4 |  4.6
Shapeshifting  | 1 2 3 4 |  4.2
Conjurations   | 1 2 3 |  3.8
Hexes          | 1 2 3 |  3.8
Summonings     | 1 2 3 |  3.8
Necromancy     | 1 2 3 |  3.8
Translocations | 1 2 3 |  3.8
Fire Magic     | 1 2 3 |  3.8
Ice Magic      | 1 2 3 |  3.8
Air Magic      | 1 2 3 |  3.8
Earth Magic    | 1 2 3 |  3.8
Alchemy        | 1 2 3 |  3.8
Dodging        | 3 4 5 |  5.3
Short Blades   | 5 6 |  6.6
Armour         | 5 6 |  6.6
Maces & Flails | 7 8 |  8.1

Action                     |  1- 3 |  4- 6 |  7- 9 || total
---------------------------+-------+-------+-------++-------
  Melee: Mace              |   104 |   119 |   251 ||   474
         Bite              |     4 |    11 |    36 ||    51
         Punch             |       |     2 |    17 ||    19
         Morningstar       |       |       |    47 ||    47
  Evoke: Wand              |       |       |     7 ||     7
    Use: Potion            |       |     1 |     1 ||     2
         Scroll            |       |       |     9 ||     9
   Stab: Distracted        |       |       |     1 ||     1
 Armour: Ring mail         |    59 |    54 |   213 ||   326
  Dodge: Dodged            |    48 |    61 |   183 ||   292
  Block: Other             |       |    21 |    60 ||    81
         Reflection        |       |       |     5 ||     5
